 Dungeon Crawl Stone Soup version 0.30.0-18-gc0e69614cb (webtiles) character file.

Game seed: 2726744703631759768

4260 MessiahW the Covered (level 10, -5/77 HPs)
             Began as a Demonspawn Berserker on May 22, 2023.
             Was an Elder of Trog.
             Slain by a yak (9 damage)
             ... on level 8 of the Dungeon on May 24, 2023.
             The game lasted 00:38:30 (7522 turns).

MessiahW the Covered (Demonspawn Berserker)         Turns: 7522, Time: 00:38:30

Health: -5/77      AC: 18    Str: 21    XL:     10   Next: 10%
Magic:  0/10       EV:  8    Int: 11    God:    Trog [****..]
Gold:   373        SH:  5    Dex: 14    Spells: 9/9 levels left

rFire   + . .        x - +8 spear of Past {heavy, Int+3}
rCold   . . .        w - +0 buckler
rNeg    . . .        A - +0 plate armour
rPois   .            (helmet restricted)
rElec   .            (no cloak)
rCorr   .            m - +1 pair of gloves
SInv    +            (no boots)
Will    .....        r - amulet of guardian spirit Stlth
                     u - ring "Ymuqaxu" {rF+ SInv}
HPRegen 0.32/turn    (no ring)
MPRegen 0.12/turn

%: guardian spirit
@: no status effects
A: horns 2, slimy green scales 2, powered by pain 1
a: Renounce Religion, Berserk, Trog's Hand, Brothers in Arms


You were on level 8 of the Dungeon.
You worshipped Trog.
Trog was greatly pleased with you.
You visited 2 branches of the dungeon, and saw 9 of its levels.

You collected 373 gold pieces.

Inventory:

Hand Weapons
 a - a +0 mace
 b - a +1 flail of venom
 d - a +1 halberd of flaming
 e - a +4 halberd of freezing
 x - the +8 spear of Past (weapon) {heavy, Int+3}
   (You took it off a goblin on level 3 of the Dungeon)

   Int:       It affects your intelligence (+3).
 E - a +2 quarterstaff of chaos
 J - a +0 great sword
Missiles
 C - 4 javelins (quivered)
Armour
 m - a +1 pair of gloves (worn)
 w - a +0 buckler (worn)
 A - a +0 plate armour (worn)
 H - a +2 robe of cold resistance
 I - a +0 leather armour of positive energy
Jewellery
 r - an amulet of guardian spirit (around neck)
 u - the ring "Ymuqaxu" (left hand) {rF+ SInv}
   (You found it on level 2 of the Dungeon)

   [ring of protection from fire]

   rF:        It protects you from fire.
   SInv:      It lets you see invisible.
Wands
 y - a wand of charming (8)
 z - a wand of roots (12)
 B - a wand of quicksilver (20)
 D - a wand of flame (14)
Scrolls
 g - 2 scrolls of immolation
 k - a scroll of fear
 p - a scroll of teleportation
 t - 2 scrolls of torment
 v - a scroll of summoning
Potions
 c - 3 potions of degeneration
 f - 3 potions of might
 i - 2 potions of attraction
 n - 3 potions of ambrosia
 o - 5 potions of flight
 s - 5 potions of curing
 G - a potion of lignification


   Skills:
 + Level 6.8 Fighting
 + Level 3.8 Maces & Flails
 + Level 7.0 Polearms
 + Level 7.3 Armour
 + Level 4.6 Dodging
 + Level 2.0 Stealth
 + Level 4.0 Shields


You had 9 spell levels left.
You didn't know any spells.
Your spell library contained the following spells:

 Spells                   Type           Power      Damage    Failure   Level
 Slow                     Hex            0%         N/A       100%        1
 Cigotuvi's Dreadful Rot  Necr/Pois/Air  0%         N/A       100%        2
 Confusing Touch          Hex            0%         N/A       100%        3
 Vampiric Draining        Necr           0%         2d6       100%        3
 Dispel Undead            Necr           0%         3d6       100%        4
 Death Channel            Necr           0%         N/A       100%        6


Dungeon Overview and Level Annotations

Branches:
Dungeon (8/15)             Temple (1/1) D:5
   Lair: D:8-11

Altars:
Ashenzari
Cheibriados
Dithmenos
Fedhas
Kikubaaqudgha
Makhleb
Nemelex Xobeh
Okawaru
Qazlal
Ru
Sif Muna
Trog
Uskayaw
Vehumet
Wu Jian
Xom
Yredelemnul

Annotations:
D:8 1 runed translucent door, Fodor's ghost, novice MiFi


Innate Abilities, Weirdness & Mutations

You have a pair of horns on your head.
You are mostly covered in slimy green scales. (AC +3)
You sometimes gain a little power by taking damage.


Message History

The yak is moderately wounded.
The yak closely misses you.
You hit the yak but do no damage. The yak gores you.
The yak gores you but does no damage. The yak barely misses you.
The yak gores you. The yak gores you but does no damage. The yak gores you!
You puncture the yak! Your headbutt misses the yak.
The yak is heavily wounded.
The yak gores you but does no damage. The yak gores you!
The yak gores you but does no damage.
You puncture the yak! You headbutt the yak.
You kill the yak!
Trog accepts your kill. The yak closely misses you.
The yak gores you but does no damage.
Your Polearms skill increases to level 7!
You hit the yak.
The yak is lightly wounded.
The yak closely misses you. The yak gores you but does no damage.
You puncture the yak! You headbutt the yak!
The yak is severely wounded.
The yak barely misses you. The yak gores you.
* * * LOW HITPOINT WARNING * * *
You closely miss the yak.
The yak is severely wounded.
The yak gores you.
* * * LOW HITPOINT WARNING * * *
The yak gores you.
* * * LOW HITPOINT WARNING * * *
You puncture the yak!
The yak is almost dead.
The yak gores you but does no damage. x2
You hit the yak.
The yak is almost dead.
The yak gores you.
* * * LOW HITPOINT WARNING * * *
The yak gores you.
* * * LOW HITPOINT WARNING * * *
The yak gores you.
* * * LOW HITPOINT WARNING * * *
The yak gores you!
You die...

...###. ...#
#...#.. ....
...... ....#
###...) ..~..
....>.. ......
.......###......
..##....†Y...#.#
.....##.@Y......
........##.....#
##......#
...[... ####...#
...... #.....###
#....
##.......## ....
...........##..#
..............#
.............###
..


You could see 2 yaks.

Vanquished Creatures
  A rime drake (D:7)
  3 yaks (D:8)
  Eustachio (D:5)
  4 vampire mosquitoes (D:7)
  Menkaure (D:5)
  An orc warrior (D:7)
  Duvessa (D:7)
  4 water moccasins
  4 ice beasts (D:7)
  A sky beast (D:6)
  An ogre (D:2)
  2 wolves (D:7)
  3 centaurs
  Blork the orc (D:6)
  4 scorpions
  Dowan (D:7)
  A howler monkey (D:5)
  A jelly (D:6)
  5 hounds
  Crazy Yiuf (D:6)
  4 orc priests
  A sleepcap (D:4)
  Jessica (D:3)
  2 iguanas
  Natasha (thrice) (D:3)
  3 orc wizards (D:3)
  8 gnolls
  7 adders
  A white imp (D:8)
  2 ufetubi
  2 worms
  A dart slug (D:4)
  24 orcs
  5 ball pythons
  10 endoplasms
  3 giant cockroaches
  7 goblins
  4 hobgoblins
  3 quokkas
  4 bats
  6 frilled lizards
  6 kobolds
  5 rats
153 creatures vanquished.

Notes
Turn   | Place    | Note
-------+----------+-------------------------------------------
     0 | D:1      | MessiahW the Demonspawn Berserker began the quest for the
                  | Orb.
     0 | D:1      | Reached XP level 1. HP: 18/18 MP: 1/1
   262 | D:1      | Gained mutation: You have a pair of small horns on your
                  | head. [demonic ancestry]
   262 | D:1      | Reached XP level 2. HP: 22/24 MP: 2/2
   612 | D:1      | Reached XP level 3. HP: 23/29 MP: 3/3
  1202 | D:2      | Gained mutation: You are partially covered in slimy green
                  | scales. (AC +2) [demonic ancestry]
  1202 | D:2      | Reached XP level 4. HP: 32/37 MP: 4/4
  1203 | D:2      | Reached ** piety under Trog
  1302 | D:2      | Identified the ring "Ymuqaxu" {rF+ SInv}
  1688 | D:3      | Identified the +8 spear of Past {heavy, Int+3}
  1770 | D:3      | Noticed Natasha
  1778 | D:3      | Killed Natasha
  1796 | D:3      | Gained mutation: You have a pair of horns on your head.
                  | [demonic ancestry]
  1796 | D:3      | Reached XP level 5. HP: 15/42 MP: 3/5
  2019 | D:3      | Noticed Jessica
  2027 | D:3      | Killed Jessica
  2028 | D:3      | Reached skill level 1 in Polearms
  2098 | D:3      | Noticed Natasha
  2106 | D:3      | Killed Natasha
  2297 | D:3      | Reached XP level 6. HP: 46/48 MP: 3/6
  2314 | D:3      | Noticed Natasha
  2320 | D:3      | Killed Natasha
  2514 | D:3      | Found a hide-covered altar of Uskayaw.
  2514 | D:3      | Found a blossoming altar of Fedhas.
  2515 | D:3      | Found a shimmering blue altar of Sif Muna.
  2518 | D:3      | Reached *** piety under Trog
  2720 | D:1      | Upgraded the game from 0.30.0-17-ge0270778cf to
                  | 0.30.0-18-gc0e69614cb
  3428 | D:4      | Found a sparkling altar of Nemelex Xobeh.
  3462 | D:4      | You fall into a shaft and drop 1 floor!
  3462 | D:5      | Entered Level 5 of the Dungeon
  3467 | D:5      | Found a staircase to the Ecumenical Temple.
  3470 | D:5      | Gained mutation: You are mostly covered in slimy green
                  | scales. (AC +3) [demonic ancestry]
  3470 | D:5      | Reached XP level 7. HP: 55/55 MP: 7/7
  3474 | Temple   | Entered the Ecumenical Temple
  3669 | D:5      | Reached skill level 1 in Stealth
  4142 | D:5      | Reached skill level 1 in Shields
  4241 | D:5      | Reached skill level 5 in Fighting
  4249 | D:5      | Noticed Menkaure
  4259 | D:5      | Killed Menkaure
  4260 | D:5      | Gained mutation: You sometimes gain a little power by
                  | taking damage. [demonic ancestry]
  4260 | D:5      | Reached XP level 8. HP: 10/62 MP: 2/8
  4448 | D:5      | Noticed Eustachio
  4476 | D:5      | Killed Eustachio
  4813 | D:6      | Found a shimmering altar of Xom.
  4816 | D:6      | Found a shimmering altar of Xom.
  4817 | D:6      | Found a shimmering altar of Xom.
  4823 | D:6      | Found a shimmering altar of Xom.
  4824 | D:6      | Found a shimmering altar of Xom.
  4824 | D:6      | Found a shimmering altar of Xom.
  4825 | D:6      | Found a shimmering altar of Xom.
  4979 | D:6      | Noticed Blork the orc
  4989 | D:6      | Killed Blork the orc
  5206 | D:6      | Reached skill level 5 in Polearms
  5206 | D:6      | Reached skill level 5 in Armour
  5441 | D:6      | Reached **** piety under Trog
  5623 | D:6      | Found a runed translucent door.
  5624 | D:6      | Noticed Crazy Yiuf
  5642 | D:6      | Found a broken altar of Ashenzari.
  5878 | D:6      | Killed Crazy Yiuf
  6108 | D:7      | Reached XP level 9. HP: 44/69 MP: 6/9
  6539 | D:7      | Noticed Dowan
  6540 | D:7      | Noticed Duvessa
  6552 | D:7      | Killed Duvessa
  6569 | D:7      | Killed Dowan
  7194 | D:8      | Noticed a rime drake
  7409 | D:7      | Killed a rime drake
  7488 | D:8      | Found a runed translucent door.
  7490 | D:8      | Noticed Fodor's ghost (novice MiFi)
  7506 | D:8      | Reached XP level 10. HP: 75/77 MP: 8/10
  7522 | D:8      | Slain by a yak

Illustrated notes

Levels and vault maps discovered:
D:1:      dreamdust_arrival_sigmund_warning, layout_basic, solitary_fountain,
          minmay_tetromino_t2
D:2:      layout_rooms
D:3:      layout_rooms, gammafunk_temple_overflow_claw, serial_rivers,
          chequers_serial_rivers_small_a, chequers_serial_rivers_marsh,
          chequers_serial_rivers_marsh, chequers_serial_rivers_large_b,
          chequers_serial_rivers_marsh, ebering_dispersal_statue_hall,
          fountainhead, grunt_ministairs_13, uniq_jessica, uniq_natasha
D:4:      layout_gridville, nemelex_diamond_rough_becter
D:5:      layout_rooms, minmay_temple_entry_proselytizer, uniq_eustachio,
          uniq_menkaure
D:6:      nicolae_whirlpool, layout_gridville, xom_redecorated,
          mainiacjoe_overflow_alcove_4, uniq_blork_the_orc,
          uniq_crazy_yiuf_cottage
D:7:      layout_loops_ring, mainiacjoe_overflow_24_doors, old_standard_altar,
          minivault_24, grunt_ministairs_2, uniq_duvessa
D:8:      layout_cave_pools, hellmonk_lair_entry_icy, ebering_ghost_inner_flame
Temple:   hellmonk_temple_flake

Skill      XL: |  1  2  3  4  5  6  7  8  9 10 |
---------------+-------------------------------+-----
Maces & Flails | 3 |  3.8
Dodging        | 2 3 4 |  4.6
Armour         | 2 3 4 5 7 |  7.3
Fighting       | 4 5 6 |  6.8
Polearms       | 1 2 4 5 6 7 |  7.0
Stealth        | 1 2 |  2.0
Shields        | 1 2 3 4 |  4.0

Action                     |  1- 3 |  4- 6 |  7- 9 | 10-12 || total
---------------------------+-------+-------+-------+-------++-------
  Melee: Mace              |    67 |       |       |       ||    67
         Headbutt          |    13 |    18 |    34 |     2 ||    67
         Flail             |    29 |    24 |       |       ||    53
         Spear             |       |    93 |   194 |    17 ||   304
    Use: Scroll            |       |    10 |    12 |       ||    22
         Potion            |       |       |     5 |       ||     5
   Stab: Sleeping          |     1 |       |       |       ||     1
 Armour: Ring mail         |    31 |    76 |    39 |       ||   146
         Animal skin       |     3 |       |       |       ||     3
         Plate armour      |       |       |   145 |    14 ||   159
  Dodge: Dodged            |    83 |   127 |   140 |    11 ||   361
  Block: Buckler           |       |    27 |    60 |     3 ||    90
